amy, neutral female human Ranger ---------- |........| `######### |.....^..| ----- --- ---# |).......| |... . .|# |>.......| |...-------- .-------- -.|# -------- |...)....| |...|++?|..|------.|..|(((| +.|## |......| -----.---- ....|++.|.(|.....|.|*.|(((| |.|# |......| # |...|.+.||-|.._[.|.-|-|...|---.|##########-.....<| # |...-|---.[|..@..|....-|---....|# --.----- ### +..........|.....|.............|# # # |........{.--@----.{...........|# ### ## |...........aaa................|# # -[---- # |...--|--.....a.....-|--|---...|# ### |....-###########....|...|-------.---|..|...|...|#) --------|-- |....| |...|...| |%!.-.-..|..|+*/|....########..........| |....| |...|...| |!%.|.|..|--|)[*|...|# # |......^..| ------ |...-----+------.----..-----...| +.........| |..............................| ----------- -------------------------------- amy the Trailblazer Experience level: 9 Strength: 18/02 Dexterity: 14 Constitution: 17 Intelligence: 13 Wisdom: 13 Charisma: 7 Health: 0(75) Energy: 44(44) Def: 11 Gold: 2901 Moves: 13126 Dungeon seed: WY8tBh5TRsPUfugv Game ID: amy_1469327002 Your Inventory: Coins $ - 2901 gold pieces Amulets D - an uncursed amulet of reflection (being worn) Weapons a - an uncursed +1 dagger b - an uncursed +2 bow (weapon in hand) c - 48 uncursed +2 arrows j - the uncursed +0 Sting C - 10 uncursed +0 silver arrows F - 113 uncursed +0 arrows (in quiver) I - a blessed +0 arrow S - 5 uncursed +0 arrows Armor e - an uncursed +2 cloak of displacement (being worn) n - an uncursed +0 orcish helm (being worn) z - an uncursed +0 pair of iron shoes (being worn) L - an uncursed +0 elven mithril-coat (being worn) Comestibles p - an uncursed lizard corpse r - 5 uncursed food rations s - 5 uncursed fortune cookies N - an uncursed owlbear corpse Q - an uncursed sprig of wolfsbane R - an uncursed orange Z - 3 uncursed melons Scrolls d - a blessed scroll of confuse monster t - an uncursed scroll of blank paper v - an uncursed scroll of magic mapping x - a blessed scroll of blank paper E - a cursed scroll of blank paper W - 2 uncursed scrolls of remove curse Y - an uncursed scroll of water Potions h - an uncursed potion of full healing i - a blessed potion of enlightenment l - 2 uncursed potions of gain energy o - an uncursed potion of object detection q - an uncursed potion of extra healing B - a blessed potion of fruit juice G - an uncursed potion of paralysis H - an uncursed potion of water M - 2 uncursed potions of gain level O - a cursed potion of gain ability Rings u - an uncursed ring of regeneration y - an uncursed ring of teleport control (on right hand) V - an uncursed ring of shock resistance (on left hand) Wands f - a blessed wand of striking (0:7) g - an uncursed wand of slow monster (0:3) m - an uncursed wand of death (0:5) w - a cursed wand of sleep (0:6) A - an uncursed wand of teleportation (0:2) J - an uncursed wand of teleportation (0:6) K - an uncursed wand of sleep (0:5) T - an uncursed wand of undead turning (0:3) U - an uncursed wand of nothing (0:5) X - an uncursed wand of enlightenment (0:2) Tools k - an uncursed skeleton key P - an uncursed fire horn (0:4) Spells and supernatural/magical abilities: Name Level Category Fail Memory W - pray for help -- divine ? -- Your skills at the end: Miscellaneous Skills wands [Basic] Weapon Skills dagger [Basic] bow [Expert] Spellcasting Skills Final Attributes: You were devoutly aligned. You were fire resistant. You were shock resistant. You were poison resistant. You were telepathic. You had automatic searching. You were displaced. You were stealthy. You had teleport control. You had reflection. You are dead. Vanquished creatures: 2 giant mimics a small mimic a xan 2 tengu a crocodile a red naga a succubus 2 giant beetles a cockatrice 2 wolves 4 winter wolf cubs 2 lynxes 3 leprechauns a lizard a mumak 3 giant spiders 2 gnome kings an orc mummy an owlbear a Green-elf a dog a dingo 2 jaguars 3 dwarf lords 2 blue jellies a water nymph a raven 2 snakes a human zombie a rope golem 3 fire ants a bugbear an imp a wood nymph 2 Mordor orcs 2 orc shamans a pony a violet fungus 8 gnome lords 6 gnomish wizards 3 kobold mummies a red naga hatchling 2 black naga hatchlings 2 golden naga hatchlings 4 guardian naga hatchlings 2 gray oozes a ghoul a straw golem 2 paper golems 2 giant ants a little dog 2 floating eyes 17 dwarves a homunculus a kobold shaman 4 iguanas 14 hill orcs a rothe a centipede an orc zombie a dwarf zombie a wererat 13 killer bees 6 coyotes 3 gas spores 2 hobbits 3 acid blobs 2 large kobolds 6 geckos a hobgoblin 7 giant rats 2 cave spiders 2 brown molds 4 yellow molds a green mold 2 red molds 52 gnomes 2 garter snakes 6 jackals 3 foxes a kobold 6 newts 3 goblins 4 sewer rats 4 grid bugs 5 bats 10 lichens 2 kobold zombies 291 creatures vanquished. Voluntary challenges: You had been an atheist until turn 2339. You used a wielded weapon 91 times, starting on turn 425. You did not apply a unicorn horn. You read items or engraved 15 times, starting on turn 901. You never genocided any monsters. You never polymorphed an object. You never changed form. You cheated 4 times but completed Sokoban on turn 8907. You used no wishes. You never split a pudding. You never wrote Elbereth's name. You violated your moral code, losing 2 points of alignment, starting on turn 7693. Dungeon overview: The Dungeons of Doom: levels 1 to 8 Level 1 a fountain, a sink a long staircase Level 2 a general store, some fountains Level 3 a general store Level 4 a fountain, a sink stairs to The Gnomish Mines Level 5 an armor shop, some fountains Level 6 an altar to Mercury Level 7 many fountains Level 8 stairs to Sokoban The Gnomish Mines: levels 5 to 10 Level 5 stairs to The Dungeons of Doom Level 6 Level 7 <- You were here many shops, a temple to Venus, a magic chest, some fountains Level 8 Level 9 Level 10 Sokoban: levels 4 to 7 Level 4 a magic chest Level 5 Level 6 Level 7 a magic chest stairs to The Dungeons of Doom History has recorded: On T:1 you entered the Dungeons of Doom to retrieve the Amulet of Yendor! On T:242 you reached level 2 of The Dungeons of Doom. On T:658 you advanced to experience level 2. On T:702 you reached level 3 of The Dungeons of Doom. On T:1035 you reached level 4 of The Dungeons of Doom. On T:1151 you advanced to experience level 3. On T:1272 you reached level 1 of The Gnomish Mines. On T:1340 you advanced to experience level 4. On T:1671 you reached level 2 of The Gnomish Mines. On T:1686 you advanced to experience level 5. On T:2210 you reached level 3 of The Gnomish Mines. On T:2334 you entered the Minetown temple On T:2407 you advanced to experience level 6. On T:2858 you reached level 5 of The Dungeons of Doom. On T:3110 you reached level 6 of The Dungeons of Doom. On T:3348 you reached level 7 of The Dungeons of Doom. On T:3408 you received advice from The Oracle. On T:3408 you advanced to experience level 7. On T:3695 you reached level 8 of The Dungeons of Doom. On T:3965 you reached level 4 of Sokoban. On T:4776 you reached level 3 of Sokoban. On T:6231 you advanced to experience level 8. On T:6289 you reached level 2 of Sokoban. On T:7225 you reached level 1 of Sokoban. On T:8907 you entered the Sokoban zoo. On T:8997 you opened a magic chest. On T:9077 you opened a magic chest. On T:9157 you opened a magic chest. On T:9205 you opened a magic chest. On T:9278 you opened a magic chest. On T:10416 you advanced to experience level 9. On T:10643 you opened a magic chest. On T:10644 you opened a magic chest. On T:10644 you opened a magic chest. On T:10771 you reached level 4 of The Gnomish Mines. On T:11042 you reached level 5 of The Gnomish Mines. On T:12038 you reached level 6 of The Gnomish Mines. Score breakdown: Gold: 2901 ( 290 points) Experience: 9 levels ( 800 points) Exploration: 10 levels ( 270 points) Discoveries: 24 items ( 1200 points) Variety of kills: 88 monsters ( 2000 points) Major goal: finished Sokoban ( 1000 points) Survival: died (score multiplied by 3) Total score: 16680 Latest messages: N - an owlbear corpse. You can barely move a handspan with this load! There are a few objects here. The killer bee misses. The killer bee stings! The killer bee misses. (2x) The killer bee stings! The killer bee misses. The killer bee misses the killer bee. The killer bee stings! The killer bee just misses! The killer bee misses. (3x) The killer bee stings! The killer bee misses. The killer bee stings! The killer bee misses. The killer bee stings! The priest of Venus intones: "Pilgrim, you enter a sacred place!" You experience a strange sense of peace. The killer bee stings! (2x) The killer bee misses. (3x) The killer bee stings! (3x) The killer bee misses. (2x) The killer bee stings! You die... Final status: Goodbye amy the Ranger, killed by a killer bee... You died in The Gnomish Mines on dungeon level 7 with 16680 points, and 2901 pieces of gold, after 13126 moves. You were level 9 with a maximum of 75 hit points when you died.